 Dungeon Crawl Stone Soup version 0.30-a0-377-g5cb311bc9f (webtiles) character file.

Game seed: 16008355312898725097

4342 qeuew the Trooper (level 10, -3/79 HPs)
             Began as a Demonspawn Chaos Knight on Nov 28, 2022.
             Was a Plaything of Xom.
             Slain by a catoblepas (11 damage)
             ... on level 8 of the Dungeon.
             The game lasted 00:15:05 (6817 turns).

qeuew the Trooper (Demonspawn Chaos Knight)         Turns: 6817, Time: 00:15:08

Health: -3/79      AC: 14    Str: 16    XL:     10   Next: 12%
Magic:  10/10      EV:  8    Int: 12    God:    Xom [.....*]
Gold:   521        SH:  5    Dex: 23    Spells: 9/9 levels left

rFire   + . .      SeeInvis .    a - +0 hand axe (chaos)
rCold   . . .      Faith    .    (no shield)
rNeg    . . .      Spirit   .    b - +3 leather armour
rPois   .          Reflect  +    (no helmet)
rElec   .          Harm     .    (no cloak)
rCorr   +          Rampage  +    (no gloves)
Will    .....                    m - +2 pair of boots {rampage}
Stlth   ++........               j - amulet of reflection
HPRegen 0.33/turn                i - ring of resist corrosion
MPRegen 0.12/turn                g - +6 ring of dexterity

@: petrifying (expiring), invisible, very slow
A: molten scales 3, ignite blood 1, spiny 1, agile 1, mutation resistance 1,
wild magic 1
a: Renounce Religion


You were on level 8 of the Dungeon.
You worshipped Xom.
You were Xom's teddy bear.
You visited 1 branch of the dungeon, and saw 8 of its levels.
You also visited: Sewer.

You collected 521 gold pieces.

Inventory:

Hand Weapons
 a - a +0 hand axe of chaos (weapon)
Missiles
 q - 2 throwing nets
Armour
 b - a +3 leather armour (worn)
 m - a +2 pair of boots of rampaging (worn)
Jewellery
 g - a +6 ring of dexterity (right hand)
 i - a ring of resist corrosion (left hand)
 j - an amulet of reflection (around neck)
Wands
 o - a wand of charming (4)
 s - a wand of polymorph (9)
 t - a wand of mindburst (4)
Scrolls
 f - 2 scrolls of teleportation
 k - 2 scrolls of enchant weapon
 l - 2 scrolls of fear
 r - 4 scrolls of blinking
 u - a scroll of magic mapping {unknown}
Potions
 e - 2 potions of heal wounds
 h - a potion of brilliance
 n - a potion of flight
 p - a potion of haste
Miscellaneous
 c - a piece from Xom's chessboard (9/15) (quivered)


   Skills:
 + Level 7.3 Fighting
 + Level 6.6 Axes
 + Level 6.3 Armour
 + Level 6.0 Dodging
 + Level 6.4 Evocations


You had 9 spell levels left.
You didn't know any spells.
Your spell library contained the following spells:

 Spells                   Type           Power      Damage    Failure   Level
 Apportation              Tloc           0%         N/A       45%         1
 Necrotise                Necr           0%         1d4       45%         1
 Sandblast                Erth           0%         2d4       45%         1
 Slow                     Hex            0%         N/A       45%         1
 Summon Small Mammal      Summ           0%         N/A       45%         1
 Passwall                 Tmut/Erth      0%         N/A       61%         2
 Scorch                   Fire           0%         2d5       61%         2
 Confusing Touch          Hex            0%         N/A       82%         3
 Stone Arrow              Conj/Erth      0%         3d7       82%         3
 Vampiric Draining        Necr           0%         2d6       82%         3
 Vhi's Electric Charge    Tloc/Air       0%         N/A       82%         3
 Flame Wave               Conj/Fire      0%         2d4       99%         4
 Passage of Golubria      Tloc           0%         N/A       99%         4
 Petrify                  Tmut/Erth      0%         N/A       99%         4
 Arcjolt                  Conj/Air       0%         1d10      100%        5
 Metabolic Englaciation   Hex/Ice        0%         N/A       100%        5
 Statue Form              Tmut/Erth      0%         N/A       100%        6
 Summon Cactus Giant      Summ           0%         N/A       100%        6
 Malign Gateway           Summ/Tloc      0%         N/A       100%        7
 Monstrous Menagerie      Summ           0%         N/A       100%        7
 Maxwell's Capacitive Co  Air            0%         ∞         100%        8


Dungeon Overview and Level Annotations

Branches:
Dungeon (8/15)             Temple (0/1) D:7           Sewer (visited)
   Lair: D:8-11

Altars:
Ashenzari
Kikubaaqudgha

Shops:
D:2 =

Annotations:
D:4 2 transporters, Nyo's ghost, amateur MiFi


Innate Abilities, Weirdness & Mutations

You are completely covered in molten scales. (AC +4, rF+)
Your demonic aura sometimes causes spilled blood to erupt in flames.
You are partially covered in sharp spines.
You are agile. (Dex +4, Str/Int -1)
You are somewhat resistant to further mutation.
Your spells are a little harder to cast, but a little more powerful.


Message History

You make a move on Xom's chessboard...
Nothing appears to happen.
The catoblepas is struck by your spines.
The catoblepas closely misses you.
The catoblepas breathes a plume of calcifying dust at you.
The blast of calcifying dust hits you but does no damage.
You block the catoblepas's attack.
Non-targeted evoke: piece from Xom's chessboard (11/15)
Press: ? - help, Q - select action, (/) - cycle Dir - look around, f - activate You make a move on Xom's chessboard...
The catoblepas twists and deforms.
The area is suffused with divine lightning!
The blast of lightning engulfs the catoblepas!!!
The catoblepas gores you but does no damage.
The catoblepas breathes a plume of calcifying dust at you.
The blast of calcifying dust hits you but does no damage.
The catoblepas gores you!!
Non-targeted evoke: piece from Xom's chessboard (10/15)
Press: ? - help, Q - select action, (/) - cycle Dir - look around, f - activate You make a move on Xom's chessboard...
The catoblepas seems to grow stronger.
The catoblepas misses you. The catoblepas gores you!
Unknown command.
The catoblepas breathes a plume of calcifying dust at you.
The blast of calcifying dust hits you but does no damage.
You hit the catoblepas.
Space warps horribly around the catoblepas!!
The catoblepas is almost dead.
You are engulfed in calcifying dust.
You are slowing down.
The catoblepas barely misses you.
The catoblepas is struck by your spines.
The catoblepas gores you!! The catoblepas gores you.
The catoblepas is struck by your spines.
The catoblepas gores you.
Your limbs are stiffening.
You fade into invisibility!
The catoblepas is struck by your spines.
The catoblepas gores you!!
* * * LOW HITPOINT WARNING * * *
The catoblepas is struck by your spines.
The catoblepas gores you!
You die...

....... ........ ....... .
.... # .. .... #.. .## ##..
##.. #..# #.... ####..#
......##.....# .......@§....#
.......##Y°.§##
..............##
......................#####
......................#...###
............................#
...................##.......#
#..........................##
........#.§............##..#


You could see a catoblepas (fast, strong, unable to see you, misshapen).

Vanquished Creatures
  The ghost of drugrobin the Carver, a novice DgDe (D:7)
  Pikel (D:5)
  Maggie (D:7)
  Duvessa (D:5)
  3 water moccasins
  A hell hound (D:5)
  An orc warrior (D:8)
  2 ice beasts (D:5)
  2 centaurs
  2 lemures (D:5)
  2 phantoms
  A kobold brigand (D:7)
  2 bullfrogs
  3 necrophages
  A gnoll sergeant (D:8)
  5 scorpions
  8 wights
  Dowan (D:5)
  A howler monkey (D:6)
  4 hounds
  3 orc priests
  7 iguanas
  3 orc wizards
  6 adders
  7 gnolls (D:8)
  3 river rats (D:3)
  A shadow imp (D:5)
  A white imp (D:7)
  An ufetubus (D:5)
  2 dart slugs (D:3)
  12 orcs
  2 bats
  A bat zombie (D:3)
  10 endoplasms
  8 giant cockroaches
  8 goblins
  3 hobgoblins
  6 jackals
  11 quokkas
  16 ball pythons
  5 frilled lizards (Sewer)
  9 kobolds
  7 rats
  A rat zombie (D:3)
176 creatures vanquished.

Vanquished Creatures (collateral kills)
  A bullfrog (Sewer)
  A wight (D:6)
  4 orcs
  An endoplasm (Sewer)
7 creatures vanquished.

Grand Total: 183 creatures vanquished

Notes
Turn   | Place    | Note
-------+----------+-------------------------------------------
     0 | D:1      | qeuew the Demonspawn Chaos Knight began the quest for the
                  | Orb.
     0 | D:1      | Reached XP level 1. HP: 18/18 MP: 1/1
   106 | D:1      | Reached skill level 1 in Dodging
   106 | D:1      | XOM: divination: magic mapping
   187 | D:1      | Gained mutation: You are partially covered in sharp spines.
                  | [demonic ancestry]
   187 | D:1      | Reached XP level 2. HP: 24/24 MP: 2/2
   656 | D:2      | Got the Catalogue of Transposed Accompaniment
   803 | D:2      | XOM: silly message
   834 | D:2      | XOM: divination: magic mapping
   869 | D:2      | Reached skill level 1 in Evocations
   941 | D:2      | Reached XP level 3. HP: 29/29 MP: 3/3
   945 | D:2      | XOM: divination: magic mapping
   971 | D:2      | XOM: god gift: 26 gold pieces
  1086 | D:2      | XOM: god gift: 17 gold pieces
  1169 | D:2      | Found Vesod's Jewellery Boutique.
  1468 | D:3      | Found a glowing drain.
  1478 | D:3      | Reached XP level 4. HP: 17/35 MP: 4/4
  1489 | Sewer    | Entered a sewer
  1681 | Sewer    | XOM: enchant monster (good)
  1820 | Sewer    | Noticed a bullfrog
  1820 | Sewer    | Noticed a bullfrog
  1821 | Sewer    | XOM: summons friendly quasit
  1824 | Sewer    | Killed a bullfrog
  1825 | Sewer    | Reached XP level 5. HP: 39/42 MP: 5/5
  1901 | D:3      | XOM: 1-stop teleportation journey
  1924 | D:3      | Reached skill level 4 in Fighting
  2161 | D:3      | Gained mutation: You are partially covered in molten
                  | scales. (AC +2) [demonic ancestry]
  2161 | D:3      | Reached XP level 6. HP: 48/48 MP: 6/6
  2161 | D:3      | Found an ancient bone altar of Kikubaaqudgha.
  2171 | D:3      | XOM: divination: magic mapping
  2246 | D:3      | XOM: cloud trail
  2372 | D:3      | Gained mutation: You are agile. (Dex +4, Str/Int -1)
                  | [potion of mutation]
  2372 | D:3      | Gained mutation: Your spells are a little harder to cast,
                  | but a little more powerful. [potion of mutation]
  2372 | D:3      | Gained mutation: You are somewhat resistant to further
                  | mutation. [potion of mutation]
  2596 | D:4      | Found a transporter.
  2598 | D:4      | Found a transporter.
  2598 | D:4      | Noticed Nyo's ghost (amateur MiFi)
  2888 | D:4      | Gained mutation: Your demonic aura sometimes causes spilled
                  | blood to erupt in flames. [demonic ancestry]
  2888 | D:4      | Reached XP level 7. HP: 54/55 MP: 7/7
  3246 | D:5      | Entered Level 5 of the Dungeon
  3320 | D:5      | XOM: silly message
  3376 | D:5      | XOM: potion effect (brilliance)
  3386 | D:5      | XOM: potion effect (curing)
  3387 | D:5      | Noticed Pikel
  3390 | D:5      | XOM: divination: detect creatures
  3395 | D:5      | XOM: silly message
  3399 | D:5      | Killed Pikel
  3400 | D:5      | Reached skill level 5 in Fighting
  3400 | D:5      | Reached XP level 8. HP: 23/62 MP: 8/8
  3474 | D:5      | XOM: cloud trail
  3667 | D:5      | Reached skill level 5 in Axes
  3765 | D:5      | Noticed Duvessa
  3768 | D:5      | Noticed Dowan
  3772 | D:5      | XOM: destruction
  3780 | D:5      | Killed Dowan
  3792 | D:5      | HP: 3/63 [something (15)]
  3794 | D:5      | Killed Duvessa
  4105 | D:5      | XOM: noise
  4437 | D:6      | XOM: cast spell 'Discord'
  4448 | D:6      | Reached skill level 6 in Fighting
  4448 | D:6      | Reached skill level 5 in Armour
  4578 | D:6      | Reached skill level 5 in Evocations
  4578 | D:6      | Found a broken altar of Ashenzari.
  4595 | D:6      | Gained mutation: You are mostly covered in molten scales.
                  | (AC +3) [demonic ancestry]
  4595 | D:6      | Reached XP level 9. HP: 66/69 MP: 9/9
  4600 | D:6      | Identified the +5 scale mail of Crawling {rC- rN++ Int+2
                  | Dex-3}
  5085 | D:7      | Reached skill level 5 in Dodging
  5163 | D:7      | XOM: god gift: book of Sloth
  5490 | D:7      | XOM: noise
  5599 | D:7      | Noticed Maggie
  5653 | D:7      | Killed Maggie
  5819 | D:7      | Found a staircase to the Ecumenical Temple.
  5866 | D:7      | Found a large runed translucent door.
  5867 | D:7      | Found a large runed translucent door.
  5868 | D:7      | Noticed drugrobin's ghost (novice DgDe)
  6187 | D:7      | XOM: fog
  6197 | D:7      | Killed drugrobin's ghost
  6198 | D:7      | Reached skill level 7 in Fighting
  6308 | D:8      | XOM: cloud trail
  6495 | D:8      | Gained mutation: You are completely covered in molten
                  | scales. (AC +4, rF+) [demonic ancestry]
  6495 | D:8      | Reached XP level 10. HP: 64/77 MP: 10/10
  6586 | D:8      | XOM: polymorph water moccasin -> scorpion
  6589 | D:8      | XOM: enchant monster (good)
  6798 | D:8      | Noticed a catoblepas
  6811 | D:8      | XOM: divine lightning
  6817 | D:8      | Slain by a catoblepas

Illustrated notes

Levels and vault maps discovered:
D:1:      saegor_arrival_simple_e, layout_basic
D:2:      layout_basic, serial_shops, nicolae_lakefront_shop
D:3:      layout_basic, lemuel_zombie_altar_kikubaaqudgha, portal_sewer_entry_e
D:4:      layout_basic, gammafunk_ghost_arena,
          amcnicky_mini_rare_corridor_liquid
D:5:      layout_basic, uniq_pikel, uniq_duvessa
D:6:      layout_rooms, mainiacjoe_overflow_alcove_1, kennysheep_another_room
D:7:      layout_basic, minmay_temple_entry_statues,
          ebering_ghost_disaster_area, uniq_maggie
D:8:      layout_cave_pools, serial_column_ruins, column_ruins_corridor_T,
          column_ruins_columns_straight, column_ruins_columns_straight

Skill      XL: |  1  2  3  4  5  6  7  8  9 10 |
---------------+-------------------------------+-----
Dodging        | 1 2 3 4 5 6 |  6.0
Armour         | 2 3 4 5 6 |  6.3
Evocations     | 1 2 3 4 5 6 |  6.4
Axes           | 3 4 5 6 |  6.6
Fighting       | 4 5 6 7 |  7.3

Action                   |  1- 3 |  4- 6 |  7- 9 | 10-12 || total
-------------------------+-------+-------+-------+-------++-------
Melee: Hand axe          |    71 |   152 |   284 |    36 ||   543
       Punch             |     3 |     1 |     6 |     1 ||    11
       Unarmed           |       |       |    39 |       ||    39
Evoke: Piece from Xom's  |       |       |     1 |     6 ||     7
  Use: Scroll            |     5 |     2 |     5 |       ||    12
       Potion            |     3 |     3 |     7 |     1 ||    14
 Stab: Sleeping          |       |     3 |     4 |       ||     7
       Distracted        |       |       |     1 |       ||     1
       Petrified         |       |       |     5 |       ||     5
       Petrifying        |       |       |     1 |       ||     1
Armor: Leather armour    |    23 |    33 |    68 |    17 ||   141
Dodge: Dodged            |    39 |    75 |   171 |    34 ||   319
Block: Other             |       |     8 |    60 |     5 ||    73
       Reflection        |       |       |     3 |     1 ||     4

Table legend: (Time is in decaauts)
 A = Elapsed time spent in this place.
 B = Non-inter-level travel time spent in this place.
 C = Inter-level travel time spent in this place.
 D = Time resting spent in this place.
 E = Time spent auto-exploring this place.
 F = Levels seen in this place.
 G = Mean time per level.
                   A        B        C        D        E       F      G
               +--------+--------+--------+--------+--------+-----+--------+
         Total |   6898 |   6698 |    200 |     34 |   5323 |   9 |  766.4 |
       Dungeon |   6453 |   6253 |    200 |     34 |   5045 |   8 |  806.6 |
         Sewer |    445 |    445 |      0 |      0 |    277 |   1 |  445.0 |
               +--------+--------+--------+--------+--------+-----+--------+

Top non-repeatable levels by time:
     D:7: 1218 daAuts
     D:5: 1137 daAuts
     D:4: 854 daAuts
     D:2: 776 daAuts
     D:6: 695 daAuts
     D:3: 629 daAuts
     D:1: 620 daAuts
     D:8: 520 daAuts
   Sewer: 445 daAuts
